 Dungeon Crawl Stone Soup version 0.27-a0-899-ge2d0b17c59 (webtiles) character file.

Game seed: 2336194314941181731

48 littlecub the Ruffian (level 3, -2/31 HPs)
             Began as a Ghoul Gladiator on Apr 5, 2021.
             Slain by Sigmund
             ... wielding a +0 scythe
              (5 damage)
             ... on level 2 of the Dungeon.
             The game lasted 00:02:38 (1730 turns).

littlecub the Ruffian (Ghoul Gladiator)             Turns: 1730, Time: 00:02:39

Health: -2/31      AC:  6    Str: 18    XL:     3   Next: 72%
Magic:  2/2        EV: 11    Int:  3    God:
Gold:   41         SH:  0    Dex: 10    Spells: 2/2 levels left

rFire    . . .     SeeInvis .     - Unarmed
rCold    + . .     Faith    .   (no shield)
rNeg     + + +     Spirit   .   e - +0 ring mail
rPois    ∞         Reflect  .   b - +0 helmet
rElec    .         Harm     .   (no cloak)
rCorr    .         Rampage  .   (no gloves)
Will     .....                  (no boots)
Stlth    ..........             g - amulet of regeneration
HPRegen  0.00/turn              (no ring)
MPRegen  0.08/turn              (no ring)

@: no status effects
A: claws 1, cold resistance 1, negative energy resistance 3, inhibited
regeneration, torment resistance 2, unbreathing 1
a: no special abilities


You were on level 2 of the Dungeon.
You visited 1 branch of the dungeon, and saw 2 of its levels.

You collected 41 gold pieces.

Inventory:

Missiles
 a - 6 datura-tipped darts
 c - 3 throwing nets (quivered)
 f - 5 silver boomerangs
Armour
 b - a +0 helmet (worn)
 e - a +0 ring mail (worn)
Jewellery
 g - an amulet of regeneration (around neck)
Scrolls
 d - 2 scrolls of teleportation {unknown}


   Skills:
 * Level 3.0 Fighting
 + Level 2.2 Throwing
 + Level 3.0 Dodging
 * Level 3.9 Unarmed Combat


You had 2 spell levels left.
You didn't know any spells.
Your spell library contained the following spells:

 Spells                   Type           Power      Damage    Failure   Level
 Animate Skeleton         Necr           0%         N/A       73%         1
 Apportation              Tloc           0%         N/A       73%         1
 Corona                   Hex            0%         N/A       73%         1
 Summon Small Mammal      Summ           0%         N/A       73%         1


Dungeon Overview and Level Annotations

Branches:
Dungeon (2/15)

Altars:

Shops:
D:1 [

Annotations:
D:2 Sigmund


Innate Abilities, Weirdness & Mutations

You thrive by killing the living.
You are immune to poison.
You have sharp fingernails.
Your flesh is cold resistant. (rC+)
You are immune to negative energy. (rN+++)
You do not regenerate when monsters are visible.
You are immune to unholy pain and torment.
You can survive without breathing.


Message History

You see here a +0 hunting sling.
Found 6 boomerangs.
You see here 6 boomerangs.
Found a dagger.
Sigmund the Dreaded comes into view.
He is wielding a +0 scythe.
Sigmund shouts!
Sigmund closely misses you. Sigmund closely misses you.
You closely miss Sigmund. Sigmund barely misses you.
You scratch Sigmund.
Sigmund is moderately wounded.
Sigmund completely misses you.
You scratch Sigmund.
Sigmund is moderately wounded.
Sigmund hits you with a +0 scythe.
You scratch Sigmund.
Sigmund is moderately wounded.
Sigmund closely misses you.
You scratch Sigmund but do no damage.
Sigmund is moderately wounded.
Sigmund casts a spell at himself.
Sigmund flickers and vanishes!
Deactivating autopickup; reactivate with Ctrl-A.
No target in view!
Throw: 5 boomerangs (silver)
Press: ? - help, Shift-Dir - straight line You throw a silver boomerang.
Something hits you.
You barely miss something. Something hits you.
You barely miss something. Something hits you.
You completely miss something. Something hits you.
* * * LOW HITPOINT WARNING * * *
You aren't carrying any potions.
You scratch something.
You hear some strange, mumbled words.
A puff of flame appears from out of thin air!
The puff of flame hits you.
* * * LOW HITPOINT WARNING * * *
Something hits you.
You die...

###..## #.<#
#.....# #..#
#.....# #..#
#.....# #..#
#### #.....#
#..# ...#
#####.# #...
...#
#.###.##
...####
#..##.#
......#
###@##.#
#.....#
#{.....#
......#
#......#
#)....#
......)....
#..(..#
###......#.#
#.#####
####...# #
.....# #..#
.(...# ..#
.....# #.#


There were no monsters in sight!

Vanquished Creatures
  An adder (D:2)
  2 dart slugs
  5 endoplasms
  4 giant cockroaches
  4 hobgoblins
  3 kobolds
  2 quokkas (D:1)
  2 ball pythons (D:2)
  5 bats
  A goblin (D:1)
  2 rats
31 creatures vanquished.

Notes
Turn   | Place    | Note
-------+----------+-------------------------------------------
     0 | D:1      | littlecub the Ghoul Gladiator began the quest for the Orb.
     0 | D:1      | Reached XP level 1. HP: 17/17 MP: 0/0
   333 | D:1      | Reached XP level 2. HP: 22/25 MP: 1/1
   393 | D:1      | Found Suatugg's Antique Armour Emporium.
  1176 | D:2      | Found a faded altar of an unknown god.
  1213 | D:2      | Reached XP level 3. HP: 30/30 MP: 2/2
  1718 | D:2      | Noticed Sigmund
  1730 | D:2      | Slain by Sigmund

Illustrated notes

Levels and vault maps discovered:
D:1:      dpeg_arrival_windows_large_door, layout_loops_corners, serial_shops,
          shop, minmay_misc_feat_alley, minmay_misc_feat_five,
          minmay_pentomino_v4
D:2:      layout_basic, ebering_ecumenical_altar_hall, uniq_sigmund

Skill      XL: |  1  2  3 |
---------------+----------+-----
Throwing       | 2 |  2.2
Fighting       | 3 |  3.0
Dodging        | 3 |  3.0
Unarmed Combat | |  3.9

Action                   || total
-------------------------++-------
Melee: Unarmed           ||   115
       Punch             ||     3
Throw: Boomerang         ||     1
Armor: Leather armour    ||    16
       Ring mail         ||    11
Dodge: Dodged            ||    55

Table legend: (Time is in decaauts)
 A = Elapsed time spent in this place.
 B = Non-inter-level travel time spent in this place.
 C = Inter-level travel time spent in this place.
 D = Time resting spent in this place.
 E = Time spent auto-exploring this place.
 F = Levels seen in this place.
 G = Mean time per level.
                   A        B        C        D        E       F      G
               +--------+--------+--------+--------+--------+-----+--------+
         Total |   1721 |   1696 |     25 |      0 |   1464 |   2 |  860.5 |
       Dungeon |   1721 |   1696 |     25 |      0 |   1464 |   2 |  860.5 |
               +--------+--------+--------+--------+--------+-----+--------+

Top non-repeatable levels by time:
     D:1: 1148 daAuts
     D:2: 572 daAuts
